 Dungeon Crawl Stone Soup version 0.29.1-2-gbd0b4ee654 (webtiles) character file.

Game seed: 12329642916936081533

133 xian the Covered (level 5, 0/30 HPs)
             Began as a Gargoyle Wanderer on Nov 8, 2022.
             Was a Believer of Zin.
             Slain by an orc wizard
             ... wielding a +0 dagger
              (3 damage)
             ... on level 4 of the Dungeon.
             The game lasted 00:08:49 (3851 turns).

xian the Covered (Gargoyle Wanderer)                Turns: 3851, Time: 00:08:50

Health: 0/30       AC: 15    Str: 23    XL:     5   Next: 16%
Magic:  6/6        EV:  8    Int: 13    God:    Zin [**....]
Gold:   141        SH:  0    Dex: 11    Spells: 4/4 levels left

rFire   . . .      SeeInvis .   a - +0 hand axe
rCold   . . .      Faith    .   (no shield)
rNeg    + . .      Spirit   .   b - +0 chain mail
rPois   ∞          Reflect  .   (no helmet)
rElec   +          Harm     .   v - +0 cloak
rCorr   .          Rampage  .   (no gloves)
Will    +....                   (no boots)
Stlth   ..........              (no amulet)
HPRegen 0.10/turn               m - ring of Xyppuric {+Blink rPois Will+ Int+4 Dex+4}
MPRegen 0.10/turn               (no ring)

@: on recite cooldown
A: sickness immunity, AC +4, negative energy resistance 1, electricity
resistance, torment resistance 1, petrification resistance
a: Renounce Religion, Evoke Blink, Recite, Vitalisation, Donate Gold


You were on level 4 of the Dungeon.
You worshipped Zin.
Zin was pleased with you.
You visited 1 branch of the dungeon, and saw 4 of its levels.

You collected 156 gold pieces.
You donated 15 gold pieces to Zin.

Inventory:

Hand Weapons
 a - a +0 hand axe (weapon)
Missiles
 f - 4 silver javelins
 j - 4 boomerangs (quivered)
 q - 4 curare-tipped darts
 u - 2 poisoned darts
Armour
 b - a +0 chain mail (worn)
 v - a +0 cloak (worn)
Magical Staves
 c - a staff of poison
Jewellery
 m - the ring of Xyppuric (left hand) {+Blink rPois Will+ Int+4 Dex+4}
   (You found it on level 2 of the Dungeon)

   [ring of willpower]

   Int:       It affects your intelligence (+4).
   Dex:       It affects your dexterity (+4).
   rPois:     It protects you from poison.
   +Blink:    It lets you blink.
   Will:      It increases your willpower.
Scrolls
 i - a scroll of magic mapping
 k - 2 scrolls of teleportation {unknown}
 n - 2 scrolls of immolation {unknown}
 p - 2 scrolls of blinking {unknown}
 r - a scroll of fog
 s - a scroll of amnesia
 y - a scroll of summoning
Potions
 d - a potion of haste
 e - a potion of curing {unknown}
 h - 2 potions of magic
 o - a potion of flight {unknown}
 t - a potion of attraction {unknown}
 w - 2 potions of cancellation {unknown}
 x - a potion of heal wounds {unknown}


   Skills:
 + Level 2.0 Fighting
 + Level 2.2 Axes
 + Level 5.6 Armour
 + Level 2.2 Stealth
 * Level 2.1 Invocations
 - Level 1.0 Evocations


You had 4 spell levels left.
You didn't know any spells.
Your spell library contained the following spells:

 Spells                   Type           Power      Damage    Failure   Level
 Magic Dart               Conj           0%         1d3       91%         1
 Call Imp                 Summ           0%         N/A       97%         2
 Searing Ray              Conj           0%         2d4       97%         2
 Call Canine Familiar     Summ           0%         N/A       100%        3
 Mephitic Cloud           Conj/Pois/Air  0%         N/A       100%        3
 Portal Projectile        Hex/Tloc       0%         N/A       100%        3
 Fulminant Prism          Conj/Hex       0%         3d6       100%        4
 Leda's Liquefaction      Hex/Erth       0%         N/A       100%        4
 Alistair's Intoxication  Tmut/Pois      0%         N/A       100%        5
 Borgnjor's Vile Clutch   Necr/Erth      0%         N/A       100%        5
 Eringya's Noxious Bog    Tmut/Pois      0%         N/A       100%        6


Dungeon Overview and Level Annotations

Branches:
Dungeon (4/15)
 Temple: D:4-7

Altars:
Nemelex Xobeh
Zin


Innate Abilities, Weirdness & Mutations

You are immune to sickness and miasma.
Your stone body is resilient. (AC +4)
You are immune to poison.
You resist negative energy. (rN+)
You are resistant to electric shocks. (rElec)
You are resistant to unholy torment.
You are immune to petrification.


Message History

Beogh smites you! The endoplasm barely misses you.
Unknown command.
You miss something. You hit the endoplasm. The endoplasm freezes you.
You are frozen.
The orc priest hits you from afar with a +1 trident of protection.
Unknown command.
You barely miss the orc. You completely miss the endoplasm.
You closely miss something. The orc completely misses you.
The orc priest hits you but does no damage.
Something hits you but does no damage. The endoplasm closely misses you.
Unknown command.
You barely miss the orc. You closely miss something.
You barely miss the endoplasm. The orc hits you but does no damage.
The orc priest hits you from afar with a +1 trident of protection.
* * * LOW HITPOINT WARNING * * *
Something hits you.
* * * LOW HITPOINT WARNING * * *
The endoplasm freezes you.
You are frozen.
* * * LOW HITPOINT WARNING * * *
You hit the endoplasm but do no damage.
The endoplasm is almost dead.
You barely miss something. You hit the orc. The endoplasm freezes you.
You are frozen.
* * * LOW HITPOINT WARNING * * *
The orc priest hits you from afar with a +1 trident of protection.
* * * LOW HITPOINT WARNING * * *
The orc barely misses you. Something hits you but does no damage.
You hit the endoplasm.
You kill the endoplasm!
You barely miss something. You hit the orc.
You kill the orc!
The orc priest barely misses you. Something hits you but does no damage.
Something hits you.
* * * LOW HITPOINT WARNING * * *
The orc priest barely misses you.
It was a potion of magic.
Magic courses through your body. Something hits you.
You die...

### # #..
#.#.#
.#.## .o.#
#))#
######@.#
........<#
######...#
#...#
#...#
#....
.....
#..##..
#.. ..


You could see an orc priest.

Vanquished Creatures
  An orc wizard (D:4)
  Robin (D:2)
  2 adders (D:2)
  2 worms (D:2)
  4 orcs
  6 endoplasms
  2 giant cockroaches (D:2)
  12 goblins
  10 hobgoblins
  4 jackals (D:3)
  3 kobolds (D:2)
  2 quokkas (D:2)
  2 ball pythons
  5 bats
  2 frilled lizards (D:3)
  3 rats
  A spectral hobgoblin (D:1)
62 creatures vanquished.

Notes
Turn   | Place    | Note
-------+----------+-------------------------------------------
     0 | D:1      | xian the Gargoyle Wanderer began the quest for the Orb.
     0 | D:1      | xian set off with the following items: a +0 hand axe, a +0
                  | chain mail, a potion of lignification, a potion of haste.
     0 | D:1      | Reached XP level 1. HP: 12/12 MP: 1/1
    38 | D:1      | Found a faded altar of an unknown god.
    63 | D:1      | Prayed at the altar of an unknown god.
    63 | D:1      | Became a worshipper of Zin the Law-Giver
    63 | D:1      | Reached * piety under Zin
   358 | D:1      | Reached XP level 2. HP: 15/16 MP: 2/2
  1073 | D:1      | Reached skill level 5 in Armour
  1503 | D:2      | Identified the ring of Xyppuric {+Blink rPois Will+ Int+4
                  | Dex+4}
  1644 | D:2      | Reached XP level 3. HP: 20/20 MP: 3/3
  1656 | D:2      | Noticed Robin
  2251 | D:2      | Killed Robin
  2252 | D:2      | Reached XP level 4. HP: 14/25 MP: 4/4
  2508 | D:2      | Reached ** piety under Zin
  3747 | D:3      | Found a sparkling altar of Nemelex Xobeh.
  3845 | D:4      | Reached XP level 5. HP: 30/30 MP: 6/6
  3851 | D:4      | Slain by an orc wizard

Illustrated notes

Levels and vault maps discovered:
D:1:      saegor_arrival_simple_c, layout_basic,
          dreamdust_ecumenical_altar_drowned_temple
D:2:      layout_loops_corners, minmay_tiny_reverse_x, uniq_robin
D:3:      layout_rooms, mainiacjoe_overflow_cross_hatched,
          hangedman_decor_growths
D:4:      layout_loops_ring, riverfiend_overflow_shadow_ancestor, tso_altar,
          overflow_temple_1_default, mainiacjoe_overflow_concentric_impassable,
          serial_shops, shop_fountains, cheibrodos_sewer_entry_sluice,
          uniq_grinder

Skill      XL: |  1  2  3  4 |
---------------+-------------+-----
Armour         | 5 |  5.6
Axes           | 2 |  2.2
Fighting       | 2 |  2.0
Invocations    | 2 |  2.1
Stealth        | |  2.2
Evocations     | |  1.0

Action                   |  1- 3 |  4- 6 || total
-------------------------+-------+-------++-------
Melee: Hand axe          |   145 |    92 ||   237
       Punch             |       |     1 ||     1
Throw: Boomerang         |     1 |       ||     1
Invok: Recite            |       |     1 ||     1
  Use: Scroll            |       |     6 ||     6
       Potion            |       |     1 ||     1
Armor: Chain mail        |   102 |    65 ||   167
Dodge: Dodged            |    86 |    43 ||   129
